 Dungeon Crawl Stone Soup version 0.25.0-9-g26727b657a (webtiles) character file.

Game seed: 1922886876582621099

3964 Curus the Carver (level 10, -6/105 HPs)
             Began as a Minotaur Berserker on June 20, 2020.
             Was an Elder of Trog.
             Killed from afar by a wretched star (14 damage)
             ... with a lance of force
             ... on level 1 of the Abyss.
             The game lasted 00:35:37 (7931 turns).

Curus the Carver (Minotaur Berserker)               Turns: 7931, Time: 00:35:37

Health: -6/105     AC: 21    Str: 31    XL:     10   Next: 2%
Magic:  9/9        EV: 10    Int:  7    God:    Trog [****..]
Gold:   281        SH:  0    Dex: 11    Spells: 9/9 levels left

rFire    + . .     SeeInvis .   s - +0 long sword (protect)
rCold    . . .     Gourm    .   (no shield)
rNeg     . . .     Faith    .   n - +2 chain mail {rF+}
rPois    .         Spirit   .   (helmet restricted)
rElec    .         Reflect  .   u - +0 cloak {MR+}
rCorr    .         Harm     .   (no gloves)
MR       +....                  (no boots)
Stlth    ..........             (no amulet)
HPRegen  0.27/turn              w - +6 ring of strength
MPRegen  0.11/turn              (no ring)

@: berserking, protection aura, very quick
A: retaliatory headbutt, horns 2, agile 1, [frail 2], strong 1
a: Berserk, Trog's Hand, Brothers in Arms, Renounce Religion


You were on level 1 of the Abyss.
You worshipped Trog.
Trog was greatly pleased with you.
You were not hungry.

You visited 1 branch of the dungeon, and saw 7 of its levels.
You visited the Abyss 1 time.
You also visited: Ossuary.

You collected 281 gold pieces.

Inventory:

Hand Weapons
 a - a +0 falchion
 s - a +0 long sword of protection (weapon)
Armour
 b - a +0 animal skin
 e - a +1 chain mail
 n - a +2 chain mail of fire resistance (worn)
 u - a +0 cloak of magic resistance (worn)
Jewellery
 w - a +6 ring of strength (left hand)
Wands
 l - a wand of digging (10)
 m - a wand of random effects (15)
 o - a wand of paralysis (5)
 t - a wand of flame (25)
Scrolls
 i - 3 scrolls of remove curse
 j - 2 scrolls of teleportation
 k - a scroll of fog
 p - 10 scrolls of identify
 y - a scroll of magic mapping
Potions
 d - 2 potions of mutation
 f - 2 potions of curing
 g - a potion of ambrosia
 h - a potion of brilliance
 q - 3 potions of stabbing
 r - 2 potions of heal wounds
 v - a potion of flight
Comestibles
 c - 10 rations


   Skills:
 + Level 7.9 Fighting
 - Level 14.0 Long Blades
 + Level 7.3 Armour
 - Level 2.1 Dodging


You had 9 spell levels left.
You didn't know any spells.
Your spell library was empty.

Dungeon Overview and Level Annotations

Branches:
Dungeon (7/15)             Temple (0/1) D:5         Ossuary (visited)

Altars:
Wu Jian
Xom
The Shining One
Beogh

Shops:
D:6 *   D:7 }

Annotations:
D:6 1 runed translucent door, Delamore's ghost, novice GrFi


Innate Abilities, Weirdness & Mutations

You reflexively headbutt those who attack you in melee.
You have a pair of horns on your head.
You are agile. (Dex +2)
Your muscles are strong. (Str +2)
[You are very frail. (-20% HP)]


Message History

The large abomination barely misses you.
You slice the large abomination!!
The large abomination is severely damaged.
You hit the large abomination but do no damage.
The large abomination is severely damaged.
The large abomination barely misses you.
You furiously retaliate!
You headbutt the large abomination! You slice the large abomination!!
You destroy the large abomination!
Trog accepts your kill.
You feel the corruption within you wane somewhat.
You feel stable. x2
Your Armour skill increases to level 7!
You have reached level 10!
The substance of the Abyss twists violently, and a gateway leading out appears!
You hit the wretched star.
The wretched star is lightly damaged.
The wretched star glows turbulently.
The lance of force hits you!
You die...

.. ..#.####8. ## #
.....#.# # . #
#..##..#.# ... .
#.. #..#.#
....#..##..#.# .
#.....#.#.# #.
###...##.'.####.##
##.
##.8.#.§.........
. # ..
.#.@.#.#.##.. #.
*....#§#*.## . .
#.........# ..
##..8.#...## .
#...##.... .
##.#####.## . #..
.. .. .. # . . ..>


You could see a wretched star.

Vanquished Creatures
  The ghost of coffeespoons the Fighter, a novice HOBe of Trog (D:7)
  2 large abominations (Abyss:1)
  A shadow (Abyss:1)
  A chaos spawn (Abyss:1)
  2 orc warriors
  A sky beast (D:6)
  3 ogres
  6 centaurs
  A bullfrog (D:7)
  4 scorpions
  3 crimson imps
  A howler monkey (D:6)
  2 centaur zombies (Ossuary)
  3 hounds
  4 orc priests
  An iguana (D:6)
  Crazy Yiuf (D:5)
  Jessica (D:2)
  Ijyb (D:3)
  5 orc wizards
  Natasha (thrice) (D:2)
  3 worker ants
  2 big kobold zombies (Ossuary)
  6 mummies (Ossuary)
  A worker ant zombie (D:6)
  Robin (D:3)
  7 gnolls
  2 howler monkey skeletons
  4 adders
  3 shadow imps
  An adder skeleton (D:6)
  2 dart slugs
  2 leopard geckos
  19 orcs
  A ball python (D:2)
  5 giant cockroaches
  11 hobgoblins
  8 jackals
  5 quokkas
  10 bats
  9 frilled lizards
  9 goblins
  4 hobgoblin zombies (Ossuary)
  A jackal skeleton (D:6)
  2 kobolds (D:1)
  8 rats
173 creatures vanquished.

Notes
Turn   | Place    | Note
-------+----------+-------------------------------------------
     0 | D:1      | Curus the Minotaur Berserker began the quest for the Orb.
     0 | D:1      | Reached XP level 1. HP: 19/19 MP: 0/0
   281 | D:1      | Reached skill level 4 in Long Blades
   672 | D:1      | Reached XP level 2. HP: 26/26 MP: 1/1
  1101 | D:2      | Noticed Natasha
  1107 | D:2      | Killed Natasha
  1107 | D:2      | Reached skill level 5 in Long Blades
  1107 | D:2      | Reached XP level 3. HP: 23/31 MP: 2/2
  1357 | D:2      | Reached XP level 4. HP: 39/39 MP: 3/3
  1399 | D:2      | Noticed Natasha
  1411 | D:2      | Killed Natasha
  1411 | D:2      | Reached skill level 6 in Long Blades
  1414 | D:2      | Noticed Natasha
  1427 | D:2      | Killed Natasha
  1705 | D:2      | Reached ** piety under Trog
  1712 | D:2      | Noticed Jessica
  1731 | D:2      | Killed Jessica
  1731 | D:2      | Reached skill level 7 in Long Blades
  1731 | D:2      | Reached XP level 5. HP: 45/45 MP: 4/4
  2151 | D:3      | Noticed Robin
  2218 | D:3      | Killed Robin
  2470 | D:3      | Gained mutation: You are agile. (Dex +2) [potion of
                  | mutation]
  2470 | D:3      | Gained mutation: Your muscles are strong. (Str +2) [potion
                  | of mutation]
  2557 | D:3      | Noticed Ijyb
  2568 | D:3      | Killed Ijyb
  2568 | D:3      | Reached skill level 8 in Long Blades
  2654 | D:3      | Reached *** piety under Trog
  2654 | D:3      | Reached XP level 6. HP: 51/51 MP: 5/5
  2769 | D:3      | Found an ornate altar of the Wu Jian Council.
  3108 | D:4      | Reached skill level 9 in Long Blades
  3144 | D:4      | HP: 1/51 [scorpion (7)]
  3146 | D:4      | Reached XP level 7. HP: 10/57 MP: 6/6
  3748 | D:5      | Entered Level 5 of the Dungeon
  3752 | D:5      | Reached skill level 10 in Long Blades
  3796 | D:5      | Found a staircase to the Ecumenical Temple.
  3986 | D:5      | Reached skill level 11 in Long Blades
  4000 | D:5      | Found a sand-covered staircase.
  4010 | Ossuary  | Entered an ossuary
  4031 | Ossuary  | Reached **** piety under Trog
  4334 | Ossuary  | Reached XP level 8. HP: 60/64 MP: 7/7
  4561 | D:5      | Found a runed translucent door.
  4562 | D:5      | Noticed Crazy Yiuf
  4637 | D:5      | Found a glowing golden altar of the Shining One.
  4760 | D:5      | Reached skill level 12 in Long Blades
  5016 | D:5      | Killed Crazy Yiuf
  5101 | D:6      | Found Pafiad's Practical Paraphernalia.
  5600 | D:6      | Reached skill level 13 in Long Blades
  6271 | D:6      | Found a runed translucent door.
  6275 | D:6      | Noticed Delamore's ghost (novice GrFi)
  6535 | D:7      | Found Neanuget's Gadget Shop.
  6671 | D:7      | Reached XP level 9. HP: 24/70 MP: 8/8
  6678 | D:7      | Reached skill level 14 in Long Blades
  7342 | D:7      | Found a shimmering altar of Xom.
  7458 | D:7      | Found a runed translucent gate.
  7458 | D:7      | Found a runed translucent gate.
  7458 | D:7      | Found a runed translucent gate.
  7461 | D:7      | Noticed coffeespoons's ghost (novice HOBe)
  7466 | D:7      | Found a roughly hewn altar of Beogh.
  7470 | D:7      | Found the +0 pair of fencer's gloves {Riposte Dex+3}
  7757 | D:7      | Killed coffeespoons's ghost
  7757 | D:7      | Reached skill level 5 in Armour
  7767 | D:7      | Cast into level 1 of the Abyss (orc)
  7785 | Abyss:1  | Noticed a large abomination
  7794 | Abyss:1  | Killed a large abomination
  7918 | Abyss:1  | Noticed a large abomination
  7922 | Abyss:1  | Noticed a wretched star
  7930 | Abyss:1  | Killed a large abomination
  7930 | Abyss:1  | Reached XP level 10. HP: 7/70 MP: 9/9
  7931 | Abyss:1  | Killed from afar by a wretched star

Illustrated notes

Levels and vault maps discovered:
D:1:      minmay_arrival_semitransparent, layout_basic
D:2:      layout_loops_cross, first_ration, st_stairs_1, minmay_lizard_king,
          uniq_jessica, uniq_natasha
D:3:      layout_basic, lemuel_crystal_altar, uniq_ijyb, uniq_robin
D:4:      layout_loops_ring
D:5:      layout_cave_pools, tso_altar, minmay_temple_entry_mini_moons,
          nicolae_ossuary_entry_monument, minivault_23, uniq_crazy_yiuf_cottage
D:6:      layout_loops_ring, ebering_ghost_sewer_d, nicolae_alphabet_shops
D:7:      layout_loops_ring, biasface_ghost_orc_armoury, serial_shops,
          nicolae_shop_stone, basic_altar
Abyss:1:  base: D:2, hangedman_summoners_spam

Skill      XL: |  1  2  3  4  5  6  7  8  9 |
---------------+----------------------------+-----
Long Blades    | 4 5 7 8 9 11 13 14 | 14.0
Fighting       | 7 |  7.9
Armour         | 7 |  7.3
Dodging        | |  2.1

Action                   |  1- 3 |  4- 6 |  7- 9 | 10-12 || total
-------------------------+-------+-------+-------+-------++-------
Melee: Falchion          |    49 |   178 |   121 |       ||   348
       Headbutt          |     9 |    26 |    76 |       ||   111
       Long sword        |       |       |   193 |     1 ||   194
Invok: Berserk           |       |     3 |     5 |       ||     8
       Trog's Hand       |       |     1 |       |       ||     1
Evoke: Wand              |       |     1 |     3 |       ||     4
  Use: Potion            |     2 |     5 |     4 |       ||    11
       Scroll            |     2 |     6 |     5 |       ||    13
  Eat: Chunk             |     1 |     9 |    13 |       ||    23
       Ration            |       |       |     2 |       ||     2
Armor: Chain mail        |    19 |    90 |   122 |       ||   231
       Animal skin       |     1 |       |       |       ||     1
Dodge: Dodged            |    24 |    67 |    90 |       ||   181
       Rpst.: Falchion   |     4 |    25 |     5 |       ||    34
       Long sword        |       |       |    12 |       ||    12
